 Dungeon Crawl Stone Soup version 0.17-a0-1880-gacf7e67 (webtiles) character file.

716 barthelm the Skirmisher (level 7, -3/66 HPs)
             Began as a Gargoyle Berserker on Sept 21, 2015.
             Was an Elder of Trog.
             Slain by an ogre
             ... wielding a +0 giant club
              (8 damage)
             ... on level 4 of the Dungeon.
             The game lasted 00:13:42 (2791 turns).

barthelm the Skirmisher (Gargoyle Berserker)        Turns: 2791, Time: 00:13:42

Health: -3/66      AC:  7    Str: 28    XL:     7   Next: 69%
Magic:  7/7        EV: 14    Int:  7    God:    Trog [****..]
Gold:   181        SH:  0    Dex: 13    Spells: 0 memorised, 6 levels left

rFire  . . .     SeeInvis .     a - +0 mace
rCold  . . .     Clarity  .     b - +0 animal skin
rNeg   + . .     SustAt   .     (no shield)
rPois  ∞         Gourm    .     (no helmet)
rElec  +         Spirit   .     (no cloak)
rCorr  .         Warding  .     (no gloves)
rMut   .         Stasis   .     (no boots)
MR     .....                    (no amulet)
Stlth  ..........               (no ring)
                                p - +4 ring of dexterity

@: berserking, very quick, not resistant to hostile enchantments, extremely
unstealthy
A: negative energy resistance 1, electricity resistance, unbreathing,
petrification resistance, rot immunity, AC +4
a: Burn Spellbooks, Berserk, Trog's Hand, Brothers in Arms, Renounce Religion


You were on level 4 of the Dungeon.
You worshipped Trog.
Trog was greatly pleased with you.
You were not hungry.

You visited 1 branch of the dungeon, and saw 4 of its levels.
You also visited: Sewer.

You collected 181 gold pieces.

Inventory:

Hand weapons
 a - a +0 mace (weapon)
Armour
 b - a +0 animal skin (worn)
Jewellery
 k - a +4 ring of intelligence
 p - a +4 ring of dexterity (left hand)
 v - an uncursed ring of flight
Scrolls
 e - 2 scrolls of identify
 j - 2 scrolls of enchant weapon
 l - 3 scrolls of fog
 n - 2 scrolls of remove curse {unknown}
 o - 2 scrolls of amnesia {unknown}
 r - 2 scrolls of blinking {unknown}
 s - a scroll of recharging {unknown}
 u - 2 scrolls of teleportation {unknown}
Potions
 d - 4 potions of curing
 g - a potion of mutation {unknown}
 m - a potion of invisibility {unknown}
 q - a potion of lignification {unknown}
 t - a potion of resistance {unknown}
 w - a potion of magic {unknown}
 x - a potion of agility {unknown}
 z - a potion of heal wounds {unknown}
Comestibles
 c - 2 bread rations
 f - 2 meat rations
 h - a slice of pizza
 i - a beef jerky
 A - 5 chunks of flesh


   Skills:
 + Level 5.2 Fighting
 + Level 4.7 Maces & Flails
 * Level 3.9 Armour
 + Level 4.7 Dodging


You had 6 spell levels left.
You didn't know any spells.

Dungeon Overview and Level Annotations

Branches:
Dungeon (4/15)
 Temple: D:4-7

Altars:
Qazlal
Xom
Yredelemnul


Innate Abilities, Weirdness & Mutations

You are resistant to torment.
Your stone body is resilient (AC +4).
You are immune to poison.
You resist negative energy.
You are resistant to electric shocks.
You can survive without breathing.
You are immune to petrification.
You are immune to rotting.


Message History

Welcome back to the Dungeon!
There is a collapsed entrance here.
You enter the shallow water.
Moving in this stuff is going to be slow.
An ogre comes into view. It is wielding a giant club.
Use which ability?
A red film seems to cover your vision as you go berserk!
You feel yourself moving faster!
You feel mighty!
You feel somewhat more hungry.
You thump the ogre!
The ogre is heavily wounded.
You sock the ogre!
The ogre is almost dead.
The ogre hits you with a giant club!!
* * * LOW HITPOINT WARNING * * *
You are too injured to fight recklessly!
You barely miss the ogre.
The ogre is almost dead.
The ogre hits you with a giant club!
You die...

##... . #. ..#...P # #.
#.#..P♣♣♣ #.#. #.#...♣P♣
♣♣ .###.#. #.#....P♣♣♣.
....... #.#.#..P♣P♣.
.##.... ###.#.#......♣
.......####..........P..
#....@........#.###.##
##..O##.#...#.#≈# #.#
#... #.#####.#≈# #.#
..... #.# ..#≈# #..
####.# #.# #.#≈# ... #.
#.# #.#≈# ...# #. #.#
#.#≈# #. #.# #.#≈# #.#
#.#


You could see an ogre.

Vanquished Creatures
  6 big kobolds (Sewer)
  A hound (D:2)
  A worker ant (D:4)
  11 adders
  6 oozes
  5 worms
  8 giant geckos
  6 orcs (D:3)
  7 ball pythons
  10 bats
  4 giant cockroaches
  8 goblins
  3 hobgoblins
  4 jackals (D:1)
  2 quokkas (D:3)
  A giant newt (D:2)
  11 kobolds
  11 rats
105 creatures vanquished.

Notes
Turn   | Place    | Note
--------------------------------------------------------------
     0 | D:1      | barthelm the Gargoyle Berserker began the quest for the Orb.
     0 | D:1      | Reached XP level 1. HP: 14/14 MP: 1/1
    49 | D:1      | Reached XP level 2. HP: 12/19 MP: 2/2
   502 | D:1      | Reached skill level 4 in Fighting
   503 | D:1      | Acquired Trog's second power
   505 | D:1      | Reached XP level 3. HP: 24/24 MP: 3/3
   558 | D:2      | Found a shimmering altar of Xom.
   617 | D:2      | Found a basalt altar of Yredelemnul.
   667 | D:2      | Reached XP level 4. HP: 16/29 MP: 4/4
   894 | D:2      | Found a stormy altar of Qazlal.
  1024 | D:3      | Reached XP level 5. HP: 30/34 MP: 5/5
  1774 | D:4      | Found a glowing drain.
  1829 | Sewer    | Entered a sewer
  1854 | Sewer    | Reached XP level 6. HP: 9/39 MP: 6/6
  1882 | Sewer    | HP: 1/39 [worm (7)]
  2102 | Sewer    | HP: 1/39 [big kobold/whip (2)]
  2174 | Sewer    | Reached XP level 7. HP: 12/44 MP: 7/7
  2447 | Sewer    | Reached skill level 5 in Fighting
  2468 | Sewer    | Acquired Trog's third power
  2787 | D:4      | Noticed an ogre
  2791 | D:4      | Slain by an ogre

Vault maps used:
D:1:      lightli_arrival_lavapool
D:2:      xom_teletrap_fun, yredelemnul_altar_generic, first_bread,
          nicolae_qazlal_eye_of_the_storm
D:4:      nemelex_deck, portal_sewer_entry_d, serial_forest,
          infiniplex_forest_clump_large, infiniplex_forest_clump_tiny,
          infiniplex_forest_clump_C, infiniplex_forest_lined_4_way,
          infiniplex_forest_clump_tiny
Sewer:    sewer_co_tree

Action                   |  1- 3 |  4- 6 |  7- 9 || total
-------------------------+-------+-------+-------++-------
Melee: Mace              |    94 |   314 |   191 ||   599
Invok: Berserk           |     2 |     2 |     1 ||     5
       Trog's Hand       |       |     1 |       ||     1
  Use: Scroll            |       |       |     6 ||     6
 Stab: Sleeping          |       |     2 |       ||     2
  Eat: Chunk             |     1 |     6 |     1 ||     8
       Bread ration      |       |       |     1 ||     1
